 Dungeon Crawl Stone Soup version 0.21.1-1-g345015f (webtiles) character file.

43 kae the Insei (level 3, 0/42 HPs)
             Began as a Draconian Transmuter on May 9, 2018.
             Slain by a goblin
             ... wielding a +2 dagger of electrocution
             ... led by Robin
              (4 damage)
             ... on level 1 of the Dungeon.
             The game lasted 00:01:37 (1452 turns).

kae the Insei (Draconian Transmuter)                Turns: 1452, Time: 00:01:37

Health: 0/42       AC: 21    Str: 12    XL:     3   Next: 37%
Magic:  6/6        EV:  2    Int: 13    God:
Gold:   133        SH:  0    Dex: 12    Spells: 0/6 levels left

rFire    . . .     SeeInvis .     - Unarmed
rCold    . . .     Gourm    .   (no shield)
rNeg     + + +     Faith    .   (armour unavailable)
rPois    +         Spirit   .   (helmet currently unavailable)
rElec    .         Reflect  .   (cloak currently unavailable)
rCorr    .         Harm     .   (gloves currently unavailable)
MR       .....     NoTele   +   (boots currently unavailable)
Stlth    +.........             (no amulet)
HPRegen  0.14/turn              (no ring)
MPRegen  0.10/turn              (no ring)

@: tree-form
A: unfitting armour, AC +5
a: no special abilities


You were on level 1 of the Dungeon.
You were not hungry.
You were a tree.
You visited 1 branch of the dungeon, and saw 2 of its levels.

You collected 133 gold pieces.

Inventory:

Missiles
 a - 51 arrows
Scrolls
 d - a scroll of remove curse
 i - a scroll of identify
Potions
 j - a potion of mutation
Books
 b - a book of Changes

   Spells                             Type                      Level
   a - Beastly Appendage              Transmutation                1
   b - Sticks to Snakes               Transmutation                2
   c - Spider Form                    Transmutation/Poison         3
   d - Ice Form                       Ice/Transmutation            4
   e - Blade Hands                    Transmutation                5
Comestibles
 c - 4 rations


   Skills:
 + Level 1.6 Fighting
 - Level 1.7 Dodging
 * Level 3.5 Unarmed Combat
 + Level 2.3 Spellcasting
 * Level 2.7 Transmutations


You couldn't memorise any spells.
You knew the following spells:

 Your Spells              Type           Power        Failure   Level  Hunger
a - Beastly Appendage     Tmut           #.....       8%          1    #......
b - Sticks to Snakes      Tmut           #.......     12%         2    ###....
c - Spider Form           Tmut/Pois      #.........   38%         3    ###....


Dungeon Overview and Level Annotations

Branches:
Dungeon (2/15)

Altars:
The Shining One

Annotations:
D:2 Robin


Innate Abilities, Weirdness & Mutations

((Your plain brown scales are hard. (AC +5)))
You cannot fit into any form of body armour.
((You are cold-blooded and may be slowed by cold attacks.))


Message History

You are electrocuted!
You see here a goblin corpse.
You are too injured to fight recklessly!
Robin shouts!
You hear a shout!
Robin roars a battlecry!
The goblins go into a battle-frenzy!
Your transformation is almost over.
There is a stone staircase leading up here.
The goblin hits you but does no damage.
You are electrocuted!
Ouch! That really hurt!
* * * LOW HITPOINT WARNING * * *
You climb upwards.
There is a stone staircase leading down here.
Unknown command.
Unknown command.
Unknown command.
Your talons disappear.
You turn into a tree.
Your roots penetrate the ground.
The goblin hits you with a dagger of electrocution.
You die...

..#.#)#.#.#...#.#.#....#..≈≈≈.#
#.#.....####.####.######<.≈P≈.#
...(###...........#....#.≈≈P≈<#
.....##.#####..#..#....#≈≈PP≈.#
.....##.# ##)#.##....#≈PP≈≈.#
.....##.# #...##....#≈PP≈..#
.....##.# ##..##....#≈≈≈≈..#
.....##.#######..##....#≈≈≈...#
.........#......♣g.....#≈≈...♣#
......####.########....#≈≈...♣
......##.(.(.# #......#≈...♣♣
......#.>....# #....###≈..♣♣
##'##.#......# #.)....##'##
#.##.#.###### #....#....#
##....#.# ########### ......#.#
.....##.#


You could see a goblin.

Vanquished Creatures
  2 dart slugs (D:1)
  A leopard gecko (D:2)
  2 bats (D:2)
  6 hobgoblins (D:1)
  7 kobolds
  2 frilled lizards
  11 goblins
  3 rats (D:2)
34 creatures vanquished.

Notes
Turn   | Place    | Note
-------+----------+-------------------------------------------
     0 | D:1      | kae the Draconian Transmuter began the quest for the Orb.
     0 | D:1      | Reached XP level 1. HP: 16/16 MP: 3/3
   187 | D:1      | Reached XP level 2. HP: 23/23 MP: 3/5
  1081 | D:2      | Reached XP level 3. HP: 28/28 MP: 6/6
  1270 | D:2      | Found a glowing golden altar of the Shining One.
  1374 | D:2      | Noticed Robin
  1419 | D:2      | Learned a level 2 spell: Sticks to Snakes
  1423 | D:2      | Learned a level 3 spell: Spider Form
  1452 | D:1      | Slain by a goblin

Action                   || total
-------------------------++-------
Melee: Unarmed           ||   111
       Kick              ||    11
       Tailslap          ||     7
       Headbutt          ||     2
 Cast: Beastly Appendage ||    14
  Use: Scroll            ||     7
       Potion            ||     1
  Eat: Chunk             ||     2
Armor: Skin              ||    37
Dodge: Dodged            ||    86
